 Dungeon Crawl Stone Soup version 0.21-a0-584-g185da8e (webtiles) character file.

104796 mortelune the Fighter (level 16, -14/261 HPs)
             Began as an Ogre Fire Elementalist on Dec 21, 2017.
             Was a High Priest of Vehumet.
             Demolished by a wolf spider (19 damage)
             ... on level 3 of the Lair of Beasts.
             The game lasted 03:14:47 (54204 turns).

mortelune the Fighter (Ogre Fire Elementalist)     Turns: 54204, Time: 03:14:48

Health: -14/261    AC: 15    Str: 21    XL:     16   Next: 39%
Magic:  31/34      EV:  5    Int: 21    God:    Vehumet [*****.]
Gold:   857        SH:  0    Dex:  9    Spells: 18/43 levels left

rFire    + + +     SeeInvis +   F - +9 long sword "Meaboq" {freeze, *Contam +Blink rF+++ MR++}
rCold    + . .     Gourm    .   N - +0 shield
rNeg     . . .     Faith    .   Z - +2 ice dragon scales
rPois    .         Spirit   .   s - +0 hat {SInv}
rElec    .         Reflect  .   O - +0 cloak
rCorr    .         Harm     .   (gloves unavailable)
MR       +++..                  (boots unavailable)
Stlth    ..........             (no amulet)
HPRegen  0.53/turn              D - +3 ring of evasion
MPRegen  0.24/turn              S - ring of fire

@: berserking, lethally poisoned (-14 -> -26), held, very quick
A: large, unfitting armour, tough skin 1
a: Renounce Religion, Evoke Blink


You were on level 3 of the Lair of Beasts.
You worshipped Vehumet.
Vehumet was extremely pleased with you.
You were very hungry.

You visited 6 branches of the dungeon, and saw 27 of its levels.
You also visited: Labyrinth.

You collected 2591 gold pieces.
You spent 1734 gold pieces at shops.

Inventory:

Hand Weapons
 u - the +4 longbow "Moestu" {velocity, rElec rPois}
   (You took it off a minotaur in a labyrinth)

   Any arrow fired from it inflicts extra damage.
   It insulates you from electricity.
   It protects you from poison.
 C - a +2 whip of electrocution
 F - the +9 long sword "Meaboq" (weapon) {freeze, *Contam +Blink rF+++ MR++}
   (You bought it in a shop on level 11 of the Dungeon)

   It has been specially enchanted to freeze those struck by it, causing extra
   injury to most foes and up to half again as much damage against particularly
   susceptible opponents.
   It can also slow down cold-blooded creatures.
   It renders you almost immune to fire.
   It affects your resistance to hostile enchantments.
   It lets you blink.
   It causes magical contamination when unequipped.
Armour
 f - a +0 troll leather armour
 s - a +0 hat of see invisible (worn)
 N - a +0 shield (worn)
 O - a +0 cloak (worn)
 Y - a +2 robe of cold resistance
 Z - +2 ice dragon scales (worn)
Magical Staves
 U - an uncursed staff of conjuration
Jewellery
 a - the ring "Eduag" {+Blink rF+ Stlth-}
   (You found it on level 14 of the Dungeon)

   [ring of loudness]

   It protects you from fire.
   It lets you blink.
   It makes you less stealthy.
 l - a cursed +2 amulet of reflection {unknown}
 t - an uncursed ring of resist corrosion
 D - a +3 ring of evasion (left hand)
 S - a ring of fire (right hand)
 T - an uncursed ring of flight
Wands
 i - a wand of digging (4)
 z - a wand of paralysis (19)
 H - a wand of clouds (5)
 K - a wand of acid (42)
 R - a wand of iceblast (14)
Scrolls
 d - 3 scrolls of blinking
 e - a scroll of enchant weapon
 g - 3 scrolls of identify
 j - a scroll of holy word
 k - 5 scrolls of teleportation
 m - 4 scrolls of amnesia
 p - 2 scrolls of fog
 r - a scroll of vulnerability {unknown}
 y - 16 scrolls of remove curse
 A - 2 scrolls of fear
 G - 7 scrolls of enchant armour
 J - 2 scrolls of magic mapping
 L - 2 scrolls of summoning
 M - a scroll of torment {unknown}
Potions
 b - 4 potions of berserk rage {unknown}
 h - 2 potions of heal wounds {unknown}
 n - a potion of agility
 q - 2 potions of ambrosia
 v - a potion of cancellation {unknown}
 w - 5 potions of curing
 x - a potion of invisibility
 B - 5 potions of lignification
 E - 3 potions of haste
 I - 5 potions of mutation
 P - a potion of might
 V - a potion of brilliance
 W - 5 potions of flight
 X - a potion of resistance
Miscellaneous
 Q - a phial of floods
Comestibles
 c - 21 rations


   Skills:
 + Level 14.3 Fighting
 + Level 5.0 Armour
 - Level 1.7 Dodging
 - Level 1.4 Stealth
 * Level 8.5 Shields
 + Level 14.2 Spellcasting
 + Level 13.8 Conjurations
 + Level 12.3 Fire Magic
   Level 0.3 Poison Magic
 - Level 3.1 Evocations


You had 18 spell levels left.
You knew the following spells:

 Your Spells              Type           Power        Failure   Level  Hunger
a - Flame Tongue          Conj/Fire      #####        1%          1    None
b - Throw Flame           Conj/Fire      ######       1%          2    None
c - Conjure Flame         Conj/Fire      #######.     1%          3    None
d - Sticky Flame          Conj/Fire      #######.     1%          4    None
e - Fireball              Conj/Fire      #######...   1%          5    ###....
f - Dazzling Spray        Conj/Hex       #####.       1%          3    None
g - Summon Butterflies    Summ           ##......     16%         1    None
h - Iron Shot             Conj/Erth      #####.....   32%         6    #####..


Dungeon Overview and Level Annotations

Branches:
Dungeon (15/15)            Temple (1/1) D:6            Lair (6/6) D:10
 Shoals (2/4) Lair:3       Spider (1/4) Lair:3        Slime (0/5) Lair:5
    Orc (2/2) D:11            Elf (0/3) Orc:2        Vaults (0/5) D:14
 Depths: D:15

Altars:
Ashenzari
Cheibriados
Dithmenos
Elyvilon
Fedhas
Gozag
Hepliaklqana
Kikubaaqudgha
Makhleb
Nemelex Xobeh
Okawaru
Qazlal
Ru
Sif Muna
Trog
Uskayaw
Vehumet
Wu Jian
Xom
Yredelemnul
Zin
The Shining One
Lugonu

Shops:
D:9 ?   D:11 (   D:12 (   Orc:2 *[[%(

Annotations:
D:11 4 runed doors
Lair:6 M4edhros's ghost, journeyman OpAr
Shoals:2 exclusion: Roxanne, Roxanne


Innate Abilities, Weirdness & Mutations

You are too large for most types of armour.
You have tough skin. (AC +1)


Message History

* * * LOW HITPOINT WARNING * * *
You block the wolf spider's attack. The moth of wrath bites you!
* * * LOW HITPOINT WARNING * * *
The redback bites you but does no damage.
The wolf spider hits you.
* * * LOW HITPOINT WARNING * * *
The wolf spider bites you but does no damage.
You are too berserk!
You are too berserk!
* * * LOW HITPOINT WARNING * * *
You feel sick. The redback bites you!
* * * LOW HITPOINT WARNING * * *
You feel a strong urge to attack something.
* * * LOW HITPOINT WARNING * * *
You feel sick.
The moth of wrath bites you but does no damage.
You are caught in the web!
* * * LOW HITPOINT WARNING * * *
You feel sick. The wolf spider hits you!!
You die...

### ### ### ######
#P###.#########P############..##P
................##....#..........
........#.#...###.s>.##..#.P###..
.........###.##.@s†..#........#(.
.........##P.##^^y..##...<.......
##.##....#####.^^..##.........#..
#####....####^....##+...#P..###..
#.....#....^^###..............
###.......^###...#P##.PP..###.
##.......## ##..######P..#...
#........#####..######...#...
##........##P...P...##......P


You could see a wolf spider (berserk), a moth of wrath and a redback (berserk).

Vanquished Creatures
  Gastronok (Lair:2)
  A juggernaut zombie (D:15)
  A merfolk javelineer (Shoals:2)
  A minotaur (Lab)
  Josephine (D:13)
  A slime creature (D:12)
  Fannar (Lair:2)
  An ice dragon (Lair:5)
  6 hydras
  A merfolk aquamancer (Shoals:1)
  A centaur warrior (D:11)
  12 two-headed ogres
  2 ogre magi (Orc:2)
  The ghost of anet the Thaumaturge, a journeyman DEWz of Ashenzari (D:10)
  Urug (Lair:2)
  A skeletal warrior (D:15)
  2 sea snakes
  An unseen horror (D:12)
  A wizard (D:14)
  2 deep trolls (Orc:2)
  Pikel (D:6)
  2 necromancers
  An orc knight (Orc:1)
  5 harpies (Shoals:2)
  A deep elf mage (D:13)
  2 ugly things
  6 wolf spiders
  5 oklob plants
  A frost giant zombie (D:15)
  An orb spider (Spider:1)
  12 fauns (Shoals:1)
  2 manticores
  6 cyclopes
  A manticore (shapeshifter) (D:14)
  3 elephants
  A shining eye (shapeshifter) (D:14)
  A guardian serpent (Lair:6)
  2 water nymphs (Shoals:2)
  10 black mambas
  3 merfolk sirens
  14 spiny frogs
  2 gargoyles
  A kobold demonologist (D:12)
  10 komodo dragons
  2 rime drakes
  4 red devils
  A guardian mummy (D:15)
  9 merfolk
  14 trolls
  2 jumping spiders
  2 wind drakes (Shoals:2)
  4 hornets
  10 polar bears
  2 raiju (Lair:6)
  6 blink frogs
  5 dream sheep (Lair:4)
  5 hippogriffs
  3 snapping turtles
  A shadow (D:14)
  A vampire (D:11)
  A spriggan (Lair:2)
  A tarantella (Lair:3)
  6 redbacks
  6 water elementals
  31 yaks
  14 wyverns
  3 basilisks (Lair:5)
  3 hungry ghosts
  6 wraiths
  8 wargs
  A vampire mosquito (D:14)
  24 water moccasins
  10 porcupines
  A hornet zombie (D:10)
  13 hell hounds
  Duvessa (D:4)
  16 black bears
  2 elephant zombies (Lair:3)
  3 sky beasts
  17 orc warriors
  2 phantoms
  3 eyes of draining
  3 necrophages
  5 ice beasts
  A slave (D:7)
  23 ogres
  16 wolves
  10 crocodiles
  6 centaurs
  A big kobold (D:12)
  An elf zombie (D:8)
  15 bullfrogs
  A gnoll sergeant (D:9)
  Dowan (D:4)
  2 wyvern skeletons
  A water moccasin skeleton (D:9)
  22 killer bees
  6 scorpions
  5 howler monkeys
  8 wights
  11 electric eels
  3 crimson imps
  6 human zombies (D:8)
  2 jellies
  A centaur zombie (D:6)
  4 quasits
  A basilisk zombie (Lair:3)
  2 bullfrog zombies (D:6)
  3 centaur skeletons
  14 orc priests
  2 hounds
  3 bullfrog skeletons
  27 orc wizards
  12 worker ants
  Natasha (thrice) (D:2)
  2 iguanas
  A killer bee zombie (D:6)
  An ogre skeleton (D:8)
  A hound zombie (D:6)
  A hound skeleton (D:5)
  3 mummies (D:8)
  2 howler monkey zombies (D:6)
  2 worker ant zombies
  Robin (D:4)
  5 gnolls (D:9)
  3 howler monkey skeletons
  24 adders
  8 shadow imps
  2 adder skeletons
  An adder zombie (D:8)
  5 worms
  A dart slug (D:4)
  2 leopard geckos
  81 orcs
  5 giant cockroaches
  11 goblins
  10 hobgoblins
  10 jackals
  A quokka (D:2)
  A ball python (D:2)
  6 bats
  8 frilled lizards
  9 kobolds
  A leopard gecko skeleton (D:6)
  2 leopard gecko zombies (D:6)
  An orc zombie (D:8)
  A quokka skeleton (D:5)
  A quokka zombie (D:6)
  5 rats
  A bush (Lair:5)
  2 fungi
  7 plants
  A withered plant (D:15)
825 creatures vanquished.

Vanquished Creatures (others)
  An orc warrior (D:11)
  A phantom (D:7)
  2 slaves (D:7)
  An orc priest (D:7)
  4 orcs (D:7)
  81 fungi
  115 plants
205 creatures vanquished.

Grand Total: 1030 creatures vanquished

Notes
Turn   | Place    | Note
-------+----------+-------------------------------------------
     0 | D:1      | mortelune the Ogre Fire Elementalist began the quest for the Orb.
     0 | D:1      | Reached XP level 1. HP: 16/16 MP: 3/3
    11 | D:1      | Reached skill level 1 in Conjurations
   532 | D:1      | Reached XP level 2. HP: 24/24 MP: 2/5
   536 | D:1      | Learned a level 2 spell: Throw Flame
  1232 | D:2      | Noticed Natasha
  1236 | D:2      | Reached XP level 3. HP: 31/31 MP: 5/7
  1241 | D:2      | Learned a level 3 spell: Conjure Flame
  1269 | D:2      | Killed Natasha
  1513 | D:2      | Found a stormy altar of Qazlal.
  1571 | D:2      | Reached XP level 4. HP: 37/39 MP: 1/8
  1934 | D:2      | Noticed an ice beast
  2126 | D:2      | Killed an ice beast
  2126 | D:2      | Reached XP level 5. HP: 45/45 MP: 0/10
  2132 | D:2      | Learned a level 4 spell: Sticky Flame
  2299 | D:2      | Noticed Natasha
  2305 | D:2      | Killed Natasha
  2699 | D:2      | Found a stormy altar of Qazlal.
  2830 | D:2      | Noticed Natasha
  2836 | D:2      | Killed Natasha
  2836 | D:2      | Reached XP level 6. HP: 53/53 MP: 1/12
  4557 | D:4      | Reached XP level 7. HP: 59/59 MP: 4/13
  4564 | D:4      | Learned a level 5 spell: Fireball
  4627 | D:4      | Noticed Dowan
  4629 | D:4      | Noticed Duvessa
  4638 | D:4      | Killed Duvessa
  4740 | D:4      | Killed Dowan
  4767 | D:4      | Reached skill level 5 in Conjurations
  4828 | D:4      | Found a shadowy altar of Dithmenos.
  4832 | D:4      | Found a glowing silver altar of Zin.
  4833 | D:4      | Found a hazy altar of Hepliaklqana.
  4836 | D:4      | Found a shattered altar of Ashenzari.
  4837 | D:4      | Found a glowing golden altar of the Shining One.
  5146 | D:4      | Reached skill level 5 in Spellcasting
  5194 | D:4      | Found a bloodstained altar of Trog.
  5199 | D:4      | Noticed Robin
  5238 | D:4      | HP: 2/59 [goblin/dagger[Robin] (5)]
  5569 | D:4      | Killed Robin
  5986 | D:4      | Found a burning altar of Makhleb.
  6095 | D:4      | Found a snail-covered altar of Cheibriados.
  6331 | D:5      | Entered Level 5 of the Dungeon
  6374 | D:5      | Reached XP level 8. HP: 36/67 MP: 2/16
  6924 | D:5      | Reached skill level 5 in Fire Magic
  7222 | D:5      | Found a blossoming altar of Fedhas.
  7225 | D:5      | Found an ancient bone altar of Kikubaaqudgha.
  7741 | D:5      | Found a sparkling altar of Nemelex Xobeh.
  9089 | D:6      | Found a blossoming altar of Fedhas.
  9181 | D:6      | Reached XP level 9. HP: 74/74 MP: 11/19
  9377 | D:6      | Found a staircase to the Ecumenical Temple.
  9390 | Temple   | Entered the Ecumenical Temple
  9976 | D:7      | Noticed Pikel
 10163 | D:6      | Killed Pikel
 11231 | D:7      | Reached skill level 1 in Fighting
 11669 | D:8      | Found a basalt altar of Yredelemnul.
 11701 | D:8      | Found a basalt altar of Yredelemnul.
 12117 | D:8      | Reached XP level 10. HP: 88/88 MP: 13/22
 13975 | D:9      | Found an iron altar of Okawaru.
 14079 | D:9      | Found a radiant altar of Vehumet.
 14079 | D:9      | Found an ornate altar of the Wu Jian Council.
 14080 | D:9      | Found a sacrificial altar of Ru.
 14090 | D:9      | Became a worshipper of Vehumet
 14233 | D:9      | Noticed a two-headed ogre
 14239 | D:9      | Killed a two-headed ogre
 14239 | D:9      | Reached skill level 5 in Fighting
 14419 | D:9      | Found Fyota's Magic Scroll Shoppe.
 14429 | D:9      | Bought a scroll of amnesia for 56 gold pieces
 14429 | D:9      | Bought a scroll of identify for 32 gold pieces
 14429 | D:9      | Bought a scroll of enchant armour for 120 gold pieces
 14429 | D:9      | Bought a scroll of teleportation for 48 gold pieces
 14429 | D:9      | Bought a scroll of teleportation for 48 gold pieces
 15633 | D:10     | Entered Level 10 of the Dungeon
 15952 | D:10     | Reached skill level 1 in Shields
 15955 | D:10     | Reached XP level 11. HP: 105/105 MP: 13/24
 16207 | D:10     | Reached * piety under Vehumet
 16207 | D:10     | Offered knowledge of Freeze by Vehumet.
 16208 | D:10     | Noticed a two-headed ogre
 16217 | D:10     | Killed a two-headed ogre
 16256 | D:10     | Learned a level 5 spell: Venom Bolt
 16872 | D:10     | Reached skill level 10 in Spellcasting
 17185 | D:10     | Found a staircase to the Lair.
 17211 | D:10     | Noticed anet's ghost (journeyman DEWz)
 17214 | D:10     | Killed anet's ghost
 17821 | D:11     | Found Toogol's Weapon Shoppe.
 17821 | D:11     | Noticed a centaur warrior
 17827 | D:11     | Killed a centaur warrior
 18040 | D:11     | Reached ** piety under Vehumet
 18040 | D:11     | Offered knowledge of Sandblast by Vehumet.
 18480 | D:11     | Noticed a red ugly thing
 19187 | D:10     | Killed a red ugly thing
 19187 | D:10     | Reached skill level 10 in Conjurations
 19474 | D:11     | Noticed a two-headed ogre
 19486 | D:11     | Killed a two-headed ogre
 19896 | D:11     | Found a huge runed gate.
 19896 | D:11     | Found a huge runed gate.
 19896 | D:11     | Found a huge runed gate.
 19896 | D:11     | Found a huge runed gate.
 20378 | D:11     | Noticed an orc knight
 20436 | D:11     | Reached XP level 12. HP: 121/122 MP: 13/26
 20710 | D:11     | Found a staircase to the Orcish Mines.
 20758 | D:11     | Offered knowledge of Dazzling Spray by Vehumet.
 21062 | D:11     | Noticed a six-headed hydra
 21065 | D:11     | Killed a six-headed hydra
 21156 | D:11     | Learned a level 3 spell: Dazzling Spray
 21242 | Lair:1   | Entered Level 1 of the Lair of Beasts
 21411 | Lair:1   | Reached *** piety under Vehumet
 22508 | Lair:2   | Noticed Gastronok
 22629 | Lair:2   | Noticed Fannar
 22730 | Lair:2   | Offered knowledge of Force Lance by Vehumet.
 23080 | Lair:2   | Killed Fannar
 23573 | Lair:2   | Killed Gastronok
 23573 | Lair:2   | Reached skill level 10 in Fighting
 23767 | Lair:2   | Noticed Urug
 24166 | Lair:2   | Killed Urug
 24431 | Lair:2   | Reached skill level 10 in Fire Magic
 24924 | Lair:2   | Reached XP level 13. HP: 88/135 MP: 19/28
 25369 | Lair:2   | Reached **** piety under Vehumet
 27096 | Lair:3   | Found a staircase to the Shoals.
 27362 | Lair:3   | Offered knowledge of Bolt of Magma by Vehumet.
 28014 | Lair:3   | Found a hole to the Spider Nest.
 29618 | Lair:5   | Found a labyrinth entrance.
 29631 | Lab      | Entered a labyrinth
 30096 | Lab      | Noticed a minotaur
 30101 | Lab      | Killed a minotaur
 30171 | Lab      | Got a smoking longbow
 30179 | Lab      | Identified the +4 longbow "Moestu" {velocity, rElec rPois} (You took it off a minotaur in a labyrinth)
 31134 | Lair:5   | Noticed an ice dragon
 31135 | Lair:5   | Killed an ice dragon
 31135 | Lair:5   | Reached ***** piety under Vehumet
 31367 | Lair:5   | Offered knowledge of Yara's Violent Unravelling by Vehumet.
 31687 | Lair:5   | Found a staircase to the Slime Pits.
 32349 | Lair:6   | Entered Level 6 of the Lair of Beasts
 32359 | Lair:6   | Noticed M4edhros's ghost (journeyman OpAr)
 32365 | Lair:5   | Reached XP level 14. HP: 131/148 MP: 6/31
 37243 | Lair:6   | Reached skill level 1 in Armour
 40114 | D:12     | Found Lopanute's Weapon Boutique.
 40179 | D:12     | Offered knowledge of Fulminant Prism by Vehumet.
 40982 | D:13     | Reached skill level 5 in Shields
 41087 | D:13     | Reached XP level 15. HP: 152/159 MP: 15/33
 41436 | D:13     | Noticed Josephine
 41475 | D:13     | Killed Josephine
 43056 | D:13     | Learned a level 1 spell: Summon Butterflies
 44564 | D:14     | Got a heavily runed bronze ring
 44566 | D:14     | Identified the ring "Eduag" {+Blink rF+ Stlth-} (You found it on level 14 of the Dungeon)
 44930 | D:15     | Entered Level 15 of the Dungeon
 45411 | D:15     | Reached skill level 1 in Evocations
 46396 | Orc:1    | Entered Level 1 of the Orcish Mines
 46958 | Orc:1    | Found a bloodstained altar of Trog.
 47093 | Orc:2    | Entered Level 2 of the Orcish Mines
 47093 | Orc:2    | Found Aquoshroff's Food Shoppe.
 47614 | Orc:2    | Offered knowledge of Iron Shot by Vehumet.
 47643 | Orc:2    | Learned a level 6 spell: Iron Shot
 48007 | Orc:2    | Found Ufeofiso's Armour Emporium.
 48008 | Orc:2    | Found Soqidol's General Store.
 49031 | Orc:2    | Found Coba's Armour Emporium.
 49168 | Orc:2    | Found Riacut's Weapon Shoppe.
 49585 | Orc:2    | Found a staircase to the Elven Halls.
 49999 | D:11     | Bought the +9 long sword "Meaboq" {freeze, *Contam +Blink rF+++ MR++} for 1430 gold pieces
 50098 | Shoals:1 | Entered Level 1 of the Shoals
 50238 | Shoals:1 | Reached XP level 16. HP: 172/172 MP: 16/34
 52736 | Shoals:2 | Noticed Roxanne
 53544 | D:14     | Found a gate to the Vaults.
 54011 | Spider:1 | Entered Level 1 of the Spider Nest
 54017 | Spider:1 | Reached skill level 5 in Armour
 54202 | Lair:3   | HP: 7/261 [redback (7)]
 54204 | Lair:3   | Demolished by a wolf spider

Vault maps used:
D:1:      eino_arrival_water_cross
D:2:      lemuel_doored_altar, uniq_natasha
D:4:      kennysheep_mini_moat, kennysheep_slug_shrine,
          nicolae_overflow_hidden_temple, minitemple, dk_rats_in_the_wall,
          uniq_robin, uniq_duvessa
D:5:      grunt_temple_overflow_growth_and_decay, basic_altar, first_ration
D:6:      minmay_temple_entry_trees, serial_undead, serial_undead_f,
          serial_undead_a, serial_undead_c, serial_undead_a, st_stairs_5,
          fedhas_altar_2
D:7:      grunt_ogre_cave, uniq_pikel
D:8:      lemuel_mausoleum_altar_yredelemnul, basic_altar, grunt_ministairs_11
D:9:      okawaru_altar_gauntlet_db, gammafunk_temple_overflow_forgotten,
          serial_co_window_serial, co_window_paths_a, co_window_paths_a,
          co_window_corner_a, co_window_of_opportunity_a, co_window_paths_a,
          co_window_paths_b, co_window_paths_b, co_window_corner_b,
          co_window_broadway_c, co_window_corner_b, co_window_paths_d,
          glass_columns_b, serial_shops, shop
D:10:     due_lair_maze_entry_diamond
D:11:     lemuel_bear_cage, david_orc_4, serial_shops, shop
D:12:     serial_shops, shop
D:13:     minmay_misc_feat_secret_circle, einodemon_armed_red_devil_minivault,
          uniq_josephine
D:14:     david_vaults_4, grunt_decor_fettered
D:15:     gammafunk_depths_entry_grave, serial_shops, shop,
          minmay_misc_feat_five
Temple:   corrupted_temple
Lair:1:   lemuel_fruit_tree, serial_bayou_shore_b
Lair:2:   minmay_lair_venomous_thicket, grunt_forest_stairs_clearing,
          infiniplex_staircase_pool, grunt_megastairs_2, uniq_fannar, uniq_urug,
          uniq_gastronok
Lair:3:   pond_and_an_island_with_a_cottage, minmay_shoals_entry_hut,
          spider_nest_entry_funnel_web, kennysheep_catoblepas_arena,
          serial_bayou_shore_b
Lair:5:   dragon1_lemuel, minmay_slime_entry_oklob_open, lab_entry_generic,
          beast_lair_carwin_3, grunt_megastairs_4, serial_bayou_shore_a
Lair:6:   hangedman_lair_tendril_chambers, hangedman_lair_caniforms_friends
Shoals:1: nicolae_shoals_this_corrosion
Shoals:2: nicolae_shoals_cliffside_cave, uniq_roxanne
Spider:1: portal_ice_cave_entry_ice_statue_one
Orc:1:    bloody_trog
Orc:2:    st_orc_open, serial_shops, shop
Lab:      labyrinth_watery

Skill      XL: |  1  2  3  4  5  6  7  8  9 10 11 12 13 14 15 16 |
---------------+-------------------------------------------------+-----
Conjurations   | 1 2 3 4 5 7 8 9 10 11 12 13 | 13.8
Spellcasting   | 3 4 5 6 8 9 10 11 13 14 | 14.2
Fire Magic     | 3 4 5 7 8 9 10 11 12 | 12.3
Fighting       | 2 6 8 10 11 13 14 | 14.3
Shields        | 1 2 5 7 8 |  8.5
Armour         | 2 4 5 |  5.0
Evocations     | 3 |  3.1
Dodging        | |  1.7
Stealth        | |  1.4
Poison Magic   | |  0.3

Action                   |  1- 3 |  4- 6 |  7- 9 | 10-12 | 13-15 | 16-18 || total
-------------------------+-------+-------+-------+-------+-------+-------++-------
Melee: Unarmed           |     8 |     2 |       |       |       |       ||    10
       Mace              |     8 |    12 |       |       |       |       ||    20
       Flail             |       |    11 |       |       |       |       ||    11
       Giant club        |       |       |    62 |       |       |       ||    62
       Short sword       |       |       |     1 |       |       |       ||     1
       Whip              |       |       |       |    40 |    51 |       ||    91
       Staff             |       |       |       |       |    22 |       ||    22
       Long sword        |       |       |       |       |     1 |    28 ||    29
 Cast: Flame Tongue      |    27 |    61 |   214 |   325 |   182 |    15 ||   824
       Throw Flame       |    11 |    65 |    58 |   130 |    43 |     8 ||   315
       Conjure Flame     |       |     3 |     9 |    15 |    17 |       ||    44
       Sticky Flame      |       |     2 |    40 |    78 |   101 |    17 ||   238
       Fireball          |       |       |     5 |    69 |   384 |    76 ||   534
       Venom Bolt        |       |       |       |     4 |       |       ||     4
       Dazzling Spray    |       |       |       |     1 |   198 |    14 ||   213
 Abil: Evoke Blink       |       |       |       |       |     2 |       ||     2
Evoke: Wand              |       |       |       |     6 |     6 |       ||    12
  Use: Scroll            |       |     2 |     1 |    19 |    16 |     1 ||    39
       Potion            |       |       |     1 |     5 |     1 |     1 ||     8
  Eat: Chunk             |     3 |    11 |    24 |    21 |    44 |    14 ||   117
       Ration            |       |       |     2 |    11 |    25 |     1 ||    39
Armor: Robe              |     6 |    13 |    52 |    59 |    24 |       ||   154
       Ice dragon scales |       |       |       |       |   143 |    40 ||   183
Dodge: Dodged            |    11 |    41 |   123 |   185 |   231 |    51 ||   642
Block: Shield            |       |       |       |       |   228 |    63 ||   291
       Rpst.: Long sword |       |       |       |       |       |     9 ||     9

Table legend:
 A = Spawn XP
 B = Non-spawn XP
 C = Spawn XP percentage of total XP
 D = Spawn monster count
 E = Non-spawn monster count
 F = Spawn count percentage of total count
 G = Total turns spent on level
                    A         B        C        D         E        F      G
               +---------+---------+-------+---------+---------+-------+---------
         Total |       0 |  149709 |   0.0 |       0 |     815 |   0.0 | 54204
               +---------+---------+-------+---------+---------+-------+---------
           D:1 |       0 |      17 |   0.0 |       0 |      13 |   0.0 |  1102
           D:2 |       0 |     327 |   0.0 |       0 |      27 |   0.0 |  2192
           D:3 |       0 |     234 |   0.0 |       0 |      34 |   0.0 |  1685
           D:4 |       0 |     540 |   0.0 |       0 |      33 |   0.0 |  1430
           D:5 |       0 |     703 |   0.0 |       0 |      21 |   0.0 |  2035
           D:6 |       0 |    1405 |   0.0 |       0 |      36 |   0.0 |  1920
           D:7 |       0 |     881 |   0.0 |       0 |      10 |   0.0 |  1129
           D:8 |       0 |    2063 |   0.0 |       0 |      33 |   0.0 |  2177
           D:9 |       0 |    2490 |   0.0 |       0 |      30 |   0.0 |  2429
          D:10 |       0 |    5262 |   0.0 |       0 |      46 |   0.0 |  3038
          D:11 |       0 |    6165 |   0.0 |       0 |      53 |   0.0 |  2470
          D:12 |       0 |    6847 |   0.0 |       0 |      27 |   0.0 |  2450
          D:13 |       0 |    8832 |   0.0 |       0 |      44 |   0.0 |  1954
          D:14 |       0 |    5665 |   0.0 |       0 |      28 |   0.0 |  2531
          D:15 |       0 |    5997 |   0.0 |       0 |      15 |   0.0 |   466
        Lair:1 |       0 |    2993 |   0.0 |       0 |      13 |   0.0 |  2272
        Lair:2 |       0 |   11695 |   0.0 |       0 |      45 |   0.0 |  3163
        Lair:3 |       0 |    6829 |   0.0 |       0 |      24 |   0.0 |  2256
        Lair:4 |       0 |    4631 |   0.0 |       0 |      19 |   0.0 |  1552
        Lair:5 |       0 |    8149 |   0.0 |       0 |      31 |   0.0 |  3637
        Lair:6 |       0 |   24252 |   0.0 |       0 |     104 |   0.0 |  4899
      Shoals:1 |       0 |   13006 |   0.0 |       0 |      28 |   0.0 |  1655
      Shoals:2 |       0 |    8440 |   0.0 |       0 |      18 |   0.0 |  1584
      Spider:1 |       0 |    1071 |   0.0 |       0 |       3 |   0.0 |    16
         Orc:1 |       0 |    5294 |   0.0 |       0 |      32 |   0.0 |  2295
         Orc:2 |       0 |   14836 |   0.0 |       0 |      47 |   0.0 |  1260
           Lab |       0 |    1085 |   0.0 |       0 |       1 |   0.0 |   562
               +---------+---------+-------+---------+---------+-------+---------
